 Dungeon Sprint DCSS version 0.30-a0-989-g0d87f670db (webtiles) character file.

Game seed: 8785464749411435598

333 holysushi the Markself (level 6, -4/34 HPs)
             Began as a Deep Elf Hunter on Apr 3, 2023.
             Was an Initiate of Gozag.
             Slain by a lorocyproca (29 damage)
             ... summoned by a deep elf demonologist
             ... in the Dungeon (Sprint V: "Ziggurat Sprint").
             The game lasted 00:01:30 (168 turns).

holysushi the Markself (Deep Elf Hunter)             Turns: 168, Time: 00:01:31

Health: -4/34      AC:  3    Str:  8    XL:     6   Next: 27%
Magic:  0/8        EV: 22    Int: 14    God:    Gozag
Gold:   531        SH:  0    Dex: 32    Spells: 5/5 levels left

rFire   . . .      SeeInvis +    j - +27 heavy crossbow "Sniper" {heavy, Acc+∞ SInv}
rCold   . . .      Faith    .    (shield currently unavailable)
rNeg    . . .      Spirit   .    c - +0 leather armour
rPois   .          Reflect  .    (no helmet)
rElec   .          Rampage  .    (no cloak)
rCorr   .          NoTele   +    (no gloves)
Will    .....                    (no boots)
Stlth   +++                      (no amulet)
HPRegen 0.25/turn                x - +6 ring of dexterity
MPRegen 0.11/turn                y - +6 ring of dexterity

@: gold aura
A: no striking features
a: Renounce Religion, Potion Petition, Call Merchant, Bribe Branch


You were in the Dungeon.
You worshipped Gozag.
Gozag was pleased with you.
You visited 1 branch You collected 531 gold pieces.

Inventory:

Hand Weapons
 a - the +8 storm bow {elec, penet}
   (You found it in the Dungeon)
 j - the +27 heavy crossbow "Sniper" (weapon) {heavy, Acc+∞ SInv}
   (You found it in the Dungeon)

   Acc+∞: It never misses its target.
   SInv:      It lets you see invisible.
Armour
 c - a +0 leather armour (worn)
Jewellery
 w - a ring of flight
 x - a +6 ring of dexterity (left hand)
 y - a +6 ring of dexterity (right hand)
 z - a +6 ring of intelligence
 A - a +6 ring of intelligence
 B - a +6 ring of strength
 C - a +6 ring of strength
 D - a +4 ring of slaying
Wands
 t - a wand of mindburst (7)
 u - a wand of iceblast (7)
 v - a wand of acid (5)
Scrolls
 b - a scroll of immolation
 i - 4 scrolls of blinking
 k - 4 scrolls of amnesia
 l - 7 scrolls of fog
 m - 5 scrolls of identify
 n - 2 scrolls of fear
 r - 4 scrolls of enchant weapon
Potions
 d - 10 potions of curing
 e - 10 potions of heal wounds
 f - 6 potions of haste
 g - 7 potions of magic
 h - 3 potions of berserk rage
 o - 2 potions of brilliance
 p - 2 potions of invisibility
 q - 4 potions of resistance
 s - 5 potions of might


   Skills:
 - Level 1.5 Fighting
 + Level 15.6 Ranged Weapons
 + Level 9.6 Dodging
 - Level 1.2 Stealth


You had 5 spell levels left.
You didn't know any spells.
Your spell library contained the following spells:

 Spells                   Type           Power      Damage    Failure   Level
 Sublimation of Blood     Necr           0%         N/A       54%         2
 Petrify                  Tmut/Erth      0%         N/A       99%         4
 Irradiate                Conj/Tmut      0%         3d11      100%        5


Dungeon Overview and Level Annotations

Branches:
Dungeon (1/1) Zot: 27000

Altars:
Ashenzari
Cheibriados
Dithmenos
Elyvilon
Fedhas
Gozag
Hepliaklqana
Kikubaaqudgha
Makhleb
Nemelex Xobeh
Okawaru
Qazlal
Ru
Sif Muna
Trog
Uskayaw
Vehumet
Wu Jian
Xom
Yredelemnul
Zin
The Shining One
Jiyva
Lugonu

Annotations:
D 1 transporter


Message History

The bolt of lightning hits the lorocyproca.
The lorocyproca resists.
Fire: j) +27 heavy crossbow "Sniper" {heavy, Acc+∞ SInv}
Press: ? - help, Q - select action, (/) - cycle Shift-Dir - straight line, f/p - deep elf demonologist
Aim: a deep elf demonologist, wielding a +2 long sword of electrocution (heavily wounded, 100% to hit)
You shoot a bolt.
The bolt hits the deep elf demonologist!!
The deep elf demonologist is almost dead.
The deep elf demonologist gestures wildly while chanting.
The deep elf knight is distracted by your dazzling golden aura.
The deep elf demonologist mumbles some strange words.
The lorocyproca hits you!
You feel your power leaking away.
The deep elf demonologist gestures wildly while chanting.
The deep elf knight shouts!
Aiming: Corrosive Bolt
Press: ? - help, Shift-Dir - straight line, p - deep elf demonologist The bolt of acid hits the lorocyproca!
The acid corrodes the lorocyproca!
The lorocyproca is moderately wounded.
The bolt of acid hits the deep elf zephyrmancer!
The deep elf zephyrmancer is moderately wounded.
The bolt of acid misses the deep elf demonologist.
The bolt of acid hits the neqoxec!
The neqoxec is moderately wounded.
The lorocyproca barely misses you.
The deep elf demonologist gestures wildly while chanting.
Aiming: Corrosive Bolt
Press: ? - help, Shift-Dir - straight line, f - neqoxec
Aim: a neqoxec (moderately wounded, summoned, 64% to hit)
The bolt of acid hits the lorocyproca!
The lorocyproca is heavily wounded.
The bolt of acid hits the orange demon!
The acid corrodes the orange demon!
The orange demon is moderately wounded.
The bolt of acid misses the deep elf demonologist.
The bolt of acid misses the neqoxec.
The sun demon disappears in a puff of smoke!
The lorocyproca hits you!!
Ouch! That really hurt!
You die...
Your body crumbles into a pile of gold.

▓..©..▓..©..▓▓▓▓▓▓▓
▓▓▓▓▓▓▓▓▓▓▓▓▓▓
▓..8©8...▓
▓..=||...▓
▓.§32....▓
▓.2ee....▓
...4....▓
▓.▓42e.▓.▓
▓...@....▓
▓▓▓▓▓▓▓▓▓▓


You could see 2 lorocyprocas, a reaper (summoned), a deep elf demonologist, an
orange demon (summoned, corroded), a deep elf knight (fast, invisible), a
hellwing (summoned), a deep elf zephyrmancer and a neqoxec (summoned).

Vanquished Creatures
  An air elemental (D)
  A crimson imp (D)
  An orc priest (D)
  2 iron imps (D)
  An orc wizard (D)
  A shadow imp (D)
  A white imp (D)
  An ufetubus (D)
  An orc (D)
10 creatures vanquished.

Notes
Turn   | Place    | Note
-------+----------+-------------------------------------------
     0 | D        | holysushi the Deep Elf Hunter began the quest for the Orb.
     0 | D        | Reached XP level 1. HP: 12/12 MP: 3/3
     1 | D        | Found a blossoming altar of Fedhas.
     1 | D        | Found the +6 Majin-Bo {spellvamp, MP+6 Int+6}
     1 | D        | Found the +27 heavy crossbow "Sniper" {heavy, Acc+∞ SInv}
     1 | D        | Found the +10 dark maul {heavy}
     1 | D        | Found the +15 Maxwell's patent armour {-Cast -Tele rElec
                  | Will+ rCorr}
     1 | D        | Found the +18 shield of the Gong {Loud rN+ Will+ rCorr
                  | EV-5}
     1 | D        | Found the +16 obsidian axe {drain, demonic, Mesm Drain Fly
                  | SInv}
     1 | D        | Found the +7 great mace "Firestarter" {flame, inner flame,
                  | rFlCloud rF++}
     1 | D        | Found the +6 shillelagh "Devastator" {shatter}
     1 | D        | Found the +11 plutonium sword {Contam Stlth-}
     1 | D        | Found the +8 lance "Wyrmbane" {slay drac, rPois rF+ rC+
                  | AC+3}
     1 | D        | Found the +9 sword of Zonguldrok {reap}
     1 | D        | Found the +13 scythe of Curses {drain, curses, Drain}
     1 | D        | Found the +9 sword of Power {lifebolt}
     1 | D        | Found the +7 mace of Variability {chaos, chain chaos}
     1 | D        | Found the +11 Singing Sword {sonic wave}
     1 | D        | Found the +8 storm bow {elec, penet}
     2 | D        | Found a transporter.
     2 | D        | Found a viscous altar of Jiyva.
     2 | D        | Found an ancient bone altar of Kikubaaqudgha.
     2 | D        | Found a hazy altar of Hepliaklqana.
     2 | D        | Found a corrupted altar of Lugonu.
     2 | D        | Found an opulent altar of Gozag.
     2 | D        | Found a burning altar of Makhleb.
     3 | D        | Found a sacrificial altar of Ru.
     3 | D        | Found a stormy altar of Qazlal.
     3 | D        | Found a shimmering blue altar of Sif Muna.
     3 | D        | Found an iron altar of Okawaru.
     3 | D        | Found a bloodstained altar of Trog.
     3 | D        | Found a sparkling altar of Nemelex Xobeh.
    52 | D        | Became a worshipper of Gozag Ym Sagoz the Greedy
    59 | D        | Reached skill level 11 in Ranged Weapons
    59 | D        | Reached XP level 2. HP: 16/16 MP: 4/4
    62 | D        | Entered arena 2.
    62 | D        | Found a transporter.
    64 | D        | Reached skill level 12 in Ranged Weapons
    64 | D        | Reached XP level 3. HP: 20/20 MP: 5/5
    73 | D        | Entered arena 3.
    73 | D        | Found a transporter.
    76 | D        | Reached XP level 4. HP: 25/25 MP: 6/6
    77 | D        | Reached skill level 13 in Ranged Weapons
    77 | D        | Reached skill level 5 in Dodging
   101 | D        | Entered arena 4.
   101 | D        | Found a transporter.
   106 | D        | Reached skill level 14 in Ranged Weapons
   106 | D        | Reached XP level 5. HP: 16/29 MP: 7/7
   163 | D        | Entered arena 5.
   163 | D        | Noticed a deep elf knight
   163 | D        | Noticed a deep elf demonologist
   163 | D        | Noticed an air elemental
   163 | D        | Noticed a deep elf zephyrmancer
   163 | D        | Found a transporter.
   164 | D        | Killed an air elemental
   165 | D        | Reached skill level 15 in Ranged Weapons
   165 | D        | Reached XP level 6. HP: 34/34 MP: 8/8
   166 | D        | Noticed a lorocyproca
   167 | D        | Noticed a reaper
   167 | D        | Noticed a lorocyproca
   167 | D        | Noticed a hellwing
   167 | D        | Noticed a neqoxec
   168 | D        | Noticed a sun demon
   168 | D        | Noticed an orange demon
   168 | D        | Slain by a lorocyproca

Illustrated notes

Levels and vault maps discovered:
D:        sprint_v [room_start, room_1, room_2, room_3, room_4, room_5, room_6,
          room_7, room_8, room_9, room_10, room_11, room_12, room_13, room_14,
          room_15, room_16, room_17, room_18, room_19, room_20, room_21,
          room_22, room_23, room_24, room_25, room_26, room_27]

Skill      XL: |  1  2  3  4  5 |
---------------+----------------+-----
Ranged Weapons | 11 12 14 15 | 15.6
Dodging        | 4 7 9 |  9.6
Fighting       | |  1.5
Stealth        | |  1.2

Action                     |  1- 3 |  4- 6 || total
---------------------------+-------+-------++-------
   Fire: Heavy crossbow    |     4 |    10 ||    14
  Evoke: Wand              |       |     2 ||     2
    Use: Potion            |     1 |       ||     1
 Armour: Leather armour    |       |     4 ||     4
  Dodge: Dodged            |     1 |    14 ||    15

Table legend: (Time is in decaauts)
 A = Elapsed time spent in this place.
 B = Non-inter-level travel time spent in this place.
 C = Inter-level travel time spent in this place.
 D = Time resting spent in this place.
 E = Time spent auto-exploring this place.
 F = Levels seen in this place.
 G = Mean time per level.
                   A        B        C        D        E       F      G
               +--------+--------+--------+--------+--------+-----+--------+
         Total |    191 |    191 |      0 |     39 |      0 |   1 |  191.0 |
       Dungeon |    191 |    191 |      0 |     39 |      0 |   1 |  191.0 |
               +--------+--------+--------+--------+--------+-----+--------+

Top non-repeatable levels by time:
       D: 191 daAuts
